 Dungeon Crawl Stone Soup version 0.21.0 (webtiles) character file.

6055 letownia2 the Grappler (level 10, -4/63 HPs)
             Began as a Gargoyle Fighter on Jan 7, 2018.
             Was an Initiate of Gozag.
             Killed from afar by an orc wizard (8 damage)
             ... with a magic dart
             ... on level 10 of the Dungeon.
             The game lasted 00:18:42 (9280 turns).

letownia2 the Grappler (Gargoyle Fighter)           Turns: 9280, Time: 00:18:42

Health: -4/63      AC: 20    Str: 21    XL:     10   Next: 87%
Magic:  10/10      EV:  9    Int: 11    God:    Gozag
Gold:   1720       SH:  4    Dex:  9    Spells: 9/9 levels left

rFire    . . .     SeeInvis .     - Unarmed
rCold    . . .     Gourm    .   x - +0 buckler
rNeg     + . .     Faith    .   a - +0 scale mail
rPois    ∞         Spirit   .   k - +2 hat
rElec    +         Reflect  .   (no cloak)
rCorr    .         Harm     .   (no gloves)
MR       .....     Rnd*Tele +   (no boots)
Stlth    ..........             (no amulet)
HPRegen  0.20/turn              e - +4 ring of protection
MPRegen  0.12/turn              h - ring of teleportation (curse)

@: gold aura, slowed, very slow
A: negative energy resistance 1, electricity resistance, unbreathing,
petrification resistance, rot immunity, AC +7
a: Potion Petition, Call Merchant, Bribe Branch, Renounce Religion


You were on level 10 of the Dungeon.
You worshipped Gozag.
Gozag was most pleased with you.
You were not hungry.

You visited 2 branches of the dungeon, and saw 11 of its levels.

You collected 1822 gold pieces.
You paid 102 gold pieces to Gozag.

Inventory:

Hand Weapons
 q - a +0 blowgun
 C - a +1 shortbow of freezing
Missiles
 v - 9 curare-tipped needles
 y - 48 poisoned needles
 D - 49 arrows
 F - 2 javelins (quivered)
Armour
 a - a +0 scale mail (worn)
 b - a +0 shield
 k - a +2 hat (worn)
 l - a +2 leather armour of cold resistance
 x - a +0 buckler (worn)
 H - a +3 plate armour
 M - a +2 robe of cold resistance
Magical Staves
 N - an uncursed staff of cold
Jewellery
 e - a +4 ring of protection (left hand)
 h - a cursed ring of teleportation (right hand)
 u - a +2 ring of intelligence
Wands
 m - a wand of random effects (30)
 o - a wand of acid (6)
 r - a wand of flame (70)
 K - a wand of iceblast (8)
Scrolls
 g - a scroll of magic mapping
 i - 5 scrolls of identify
 p - 2 scrolls of teleportation
 E - 2 scrolls of amnesia
 G - a scroll of remove curse {unknown}
 L - a scroll of immolation {unknown}
Potions
 c - a potion of might
 f - a potion of agility
 n - 4 potions of brilliance
 s - a potion of curing
 t - a potion of ambrosia {unknown}
 w - a potion of flight {unknown}
 z - 2 potions of heal wounds {unknown}
 A - a potion of magic
 B - a potion of mutation {unknown}
 I - a potion of invisibility {unknown}
 J - a potion of lignification {unknown}
Books
 j - a book of Changes

   Spells                             Type                      Level
   a - Beastly Appendage              Transmutation                1
   b - Sticks to Snakes               Transmutation                2
   c - Spider Form                    Transmutation/Poison         3
   d - Ice Form                       Ice/Transmutation            4
   e - Blade Hands                    Transmutation                5
Comestibles
 d - 12 rations


   Skills:
 - Level 7.3 Fighting
 - Level 6.5 Armour
 - Level 5.1 Shields
 + Level 13.2 Unarmed Combat


You had 9 spell levels left.
You didn't know any spells.

Dungeon Overview and Level Annotations

Branches:
Dungeon (10/15)            Temple (1/1) D:5            Lair (0/6) D:9
    Orc: D:9-12

Altars:
Ashenzari
Cheibriados
Dithmenos
Elyvilon
Fedhas
Gozag
Hepliaklqana
Kikubaaqudgha
Makhleb
Nemelex Xobeh
Okawaru
Qazlal
Ru
Sif Muna
Trog
Uskayaw
Wu Jian
Xom
Yredelemnul
Zin
The Shining One

Shops:
D:5 *

Annotations:
D:3 DIG
D:10 slayr's ghost, journeyman GnWn


Innate Abilities, Weirdness & Mutations

You are resistant to torment.
Your stone body is resilient. (AC +7)
You are immune to poison.
You resist negative energy. (rN+)
You are resistant to electric shocks. (rElec)
You can survive without breathing.
You are immune to petrification.
You are immune to rotting.


Message History

Unknown command.
You punch the hound!
You kill the hound!
The orc wizard closely misses you.
Unknown command.
The orc warrior hits you but does no damage.
The orc warrior barely misses you.
You see here 7 gold pieces.
You hit the orc warrior.
The orc warrior is almost dead.
The orc wizard hits you but does no damage.
Unknown command.
You closely miss the orc warrior.
The orc warrior is almost dead.
The orc warrior hits you with a glaive!
* * * LOW HITPOINT WARNING * * *
The orc wizard points at you and mumbles some strange words.
The magic dart hits you!
You die...
Your body crumbles into a pile of gold.

### #.#########
#.o......[#..
#@###.......# #o#
#.###.#### #o#
#.###.)..## .o#
#.......... ....
#.......... ...W.
#..........
.......#.##.......
...........
.......
......≈≈≈≈.#
.......


You could see a wraith, an orc warrior, an orc wizard and 2 orcs.

Vanquished Creatures
  Fannar (D:10)
  A komodo dragon (D:9)
  A troll (D:9)
  A hippogriff (D:10)
  A spriggan (D:7)
  Eustachio (D:5)
  A sky beast (D:10)
  2 phantoms (D:7)
  3 ice beasts
  5 orc warriors
  A black bear (D:10)
  5 ogres
  6 centaurs
  2 big kobolds
  A gnoll sergeant (D:6)
  2 bullfrogs
  3 scorpions
  12 killer bees
  3 wights (D:7)
  3 vampire bats (D:2)
  The ghost of letownia2 the Ruffian, a weakling GrFi (D:4)
  3 crimson imps
  A centaur zombie (D:5)
  2 jellies (D:8)
  3 hounds
  3 orc priests
  4 bullfrog skeletons
  3 iron imps (D:4)
  6 orc wizards
  7 worker ants
  8 gnolls
  A howler monkey skeleton (D:5)
  4 adders
  3 shadow imps
  An ooze (D:7)
  An adder skeleton (D:7)
  A worm (D:2)
  A dart slug (D:2)
  3 leopard geckos
  31 orcs
  5 bats
  3 bat skeletons (D:2)
  2 bat zombies (D:2)
  2 giant cockroaches
  3 goblins
  7 hobgoblins
  13 jackals
  14 kobolds
  5 quokkas
  A ball python (D:4)
  9 frilled lizards
  A jackal skeleton (D:7)
  2 leopard gecko zombies
  3 rats
212 creatures vanquished.

Vanquished Creatures (others)
  9 plants (D:9)
9 creatures vanquished.

Grand Total: 221 creatures vanquished

Notes
Turn   | Place    | Note
-------+----------+-------------------------------------------
     0 | D:1      | letownia2 the Gargoyle Fighter began the quest for the Orb.
     0 | D:1      | Reached XP level 1. HP: 14/14 MP: 1/1
   135 | D:2      | Reached skill level 3 in Unarmed Combat
   135 | D:2      | Reached XP level 2. HP: 12/19 MP: 2/2
   395 | D:4      | Noticed letownia2's ghost (weakling GrFi)
   531 | D:3      | Reached XP level 3. HP: 23/23 MP: 3/3
   570 | D:4      | Killed letownia2's ghost
   570 | D:4      | Reached skill level 4 in Unarmed Combat
   570 | D:4      | Reached XP level 4. HP: 7/28 MP: 4/4
   965 | D:4      | Reached skill level 5 in Unarmed Combat
   965 | D:4      | Reached XP level 5. HP: 14/32 MP: 5/5
  1108 | D:4      | Found an iron altar of Okawaru.
  1110 | D:4      | Found a glowing silver altar of Zin.
  1112 | D:4      | Found a snail-covered altar of Cheibriados.
  1174 | D:4      | Found a shadowy altar of Dithmenos.
  1215 | D:4      | Noticed an ogre
  1243 | D:4      | Killed an ogre
  1243 | D:4      | Reached skill level 6 in Unarmed Combat
  1581 | D:4      | Found a burning altar of Makhleb.
  1637 | D:4      | Reached XP level 6. HP: 35/37 MP: 6/6
  1944 | D:5      | Entered Level 5 of the Dungeon
  1989 | D:5      | Found a staircase to the Ecumenical Temple.
  2005 | Temple   | Entered the Ecumenical Temple
  2027 | Temple   | Became a worshipper of Gozag Ym Sagoz the Greedy
  2065 | D:5      | Found a hide-covered altar of Uskayaw.
  2089 | D:5      | Reached skill level 7 in Unarmed Combat
  2097 | D:5      | Noticed a dagger
  2097 | D:5      | Noticed a dagger
  2148 | D:5      | Found Xicepueq's Assorted Antiques.
  2158 | D:5      | Reached XP level 7. HP: 31/41 MP: 7/7
  2209 | D:5      | Found a shattered altar of Ashenzari.
  2302 | D:5      | Noticed Eustachio
  2337 | D:5      | Killed Eustachio
  2337 | D:5      | Reached skill level 8 in Unarmed Combat
  3434 | D:2      | Found an ancient bone altar of Kikubaaqudgha.
  3455 | D:2      | Reached XP level 8. HP: 44/46 MP: 8/8
  4442 | D:4      | Reached skill level 9 in Unarmed Combat
  4650 | D:6      | Found a shimmering altar of Xom.
  5676 | D:7      | Reached skill level 5 in Shields
  5698 | D:7      | Reached skill level 10 in Unarmed Combat
  5745 | D:7      | Reached skill level 5 in Armour
  5745 | D:7      | Reached XP level 9. HP: 36/51 MP: 9/9
  6689 | D:7      | Reached skill level 11 in Unarmed Combat
  7058 | D:7      | Reached skill level 5 in Fighting
  7375 | D:7      | Found an ornate altar of the Wu Jian Council.
  7586 | D:8      | Found a shattered altar of Ashenzari.
  8251 | D:9      | Reached XP level 10. HP: 47/60 MP: 10/10
  8555 | D:9      | Found a staircase to the Lair.
  9001 | D:10     | Entered Level 10 of the Dungeon
  9017 | D:10     | Reached skill level 12 in Unarmed Combat
  9081 | D:10     | Noticed Fannar
  9114 | D:10     | Killed Fannar
  9181 | D:10     | Reached skill level 13 in Unarmed Combat
  9255 | D:10     | Noticed slayr's ghost (journeyman GnWn)
  9280 | D:10     | Killed from afar by an orc wizard

Skill      XL: |  1  2  3  4  5  6  7  8  9 10 |
---------------+-------------------------------+-----
Unarmed Combat | 3 4 5 6 7 8 10 11 13 | 13.2
Armour         | 5 6 |  6.5
Shields        | 5 |  5.1
Fighting       | 5 7 |  7.3

Action                   |  1- 3 |  4- 6 |  7- 9 | 10-12 || total
-------------------------+-------+-------+-------+-------++-------
Melee: Unarmed           |    88 |   126 |   554 |   200 ||   968
       Punch             |     1 |     4 |     2 |       ||     7
Throw: Javelin           |       |       |     3 |     2 ||     5
Evoke: Wand              |       |       |     2 |     5 ||     7
  Use: Scroll            |       |       |     6 |       ||     6
       Potion            |       |       |     3 |       ||     3
 Stab: Distracted        |       |     1 |       |     3 ||     4
  Eat: Chunk             |       |     4 |       |       ||     4
       Ration            |       |       |     6 |     1 ||     7
Armor: Scale mail        |    35 |    55 |   333 |   112 ||   535
Dodge: Dodged            |    35 |    66 |   246 |    68 ||   415
Block: Shield            |     7 |       |       |       ||     7
       Buckler           |       |       |    71 |    37 ||   108
